 Dungeon Crawl Stone Soup version 0.31.0-9-g3a7656b989 (webtiles) character file.

Game seed: 4976813814244211629

60 qw the Shooter (level 3, 0/18 HPs)
             Began as a Spriggan Hunter on Feb 2, 2024.
             Succumbed to their own poison gas
             ... on level 2 of the Dungeon.
             The game lasted 00:00:04 (1136 turns).

qw the Shooter (Spriggan Hunter)                    Turns: 1136, Time: 00:00:05

Health: 0/18       AC:  6    Str:  7    XL:     3   Next: 80%
Magic:  4/4        EV: 19    Int: 10    God:
Gold:   84         SH:  0    Dex: 20    Spells: 2/2 levels left

rFire   . . .        a - +0 shortbow
rCold   . . .        (shield currently unavailable)
rNeg    . . .        c - +0 robe
rPois   .            (helmet restricted)
rElec   .            (no cloak)
rCorr   .            (gloves unavailable)
SInv    +            (boots unavailable)
Will    .....        (no amulet)
Stlth   ++           i - +4 ring of protection
HPRegen 0.23/turn    (no ring)
MPRegen 0.09/turn

%: no passive effects
@: lethally poisoned (0 -> -5), very quick
A: very small, no large weapons, unfitting armour, see invisible, speed 3
a: no special abilities


You were on level 2 of the Dungeon.
You visited 1 branch of the dungeon, and saw 2 of its levels.

You collected 84 gold pieces.


Innate Abilities, Weirdness & Mutations

You are very small and have problems with some larger weapons.
You are too small for most types of armour.
You have supernaturally acute eyesight. (SInv)
You cover ground extremely quickly. (Speed+++)


   Skills:
 - Level 1.5 Fighting
 - Level 5.0 Ranged Weapons
 + Level 4.0 Dodging
 - Level 1.5 Stealth


You had 2 spell levels left.
You didn't know any spells.
Your spell library was empty.

Inventory:

Hand Weapons
 a - a +0 shortbow (weapon)
Armour
 c - a +0 robe (worn)
Jewellery
 i - a +4 ring of protection (left hand)
Potions
 e - a potion of might {unknown}
 g - a potion of resistance
 h - a potion of cancellation

Dungeon Overview and Level Annotations

Branches:
Dungeon (2/15)

Altars:

Shops:
D:2 *


Message History

1127 ||| READING scroll labelled VUONIEG DAE.
The air fills with toxic fumes!
As you read the scroll labelled VUONIEG DAE, it crumbles to dust.
It was a scroll of poison.
Done exploring.
1128 ||| READING scroll labelled YWUEPI YPOENG.
As you read the scroll labelled YWUEPI YPOENG, it crumbles to dust.
It is a scroll of enchant armour.
1128 ||| ENCHANTING +0 shortbow.
Done exploring.
What level of the Dungeon? (default 2, ? - help) Sorry, I don't know how to get there.
Enter note:
Enter note:
Enter note:
Enter note:
Enter note:
Enter note:
Enter note:
Enter note:
Enter note:
Enter note:
Enter note:
Enter note: You are engulfed in poison gas.
You are lethally poisoned!
You feel very sick.
1130 ||| Stepping ~*~*~tactically~*~*~ (cloud).
You feel sick.
There is a lethal amount of poison in your body!
You feel very sick.
There is a lethal amount of poison in your body!
You feel very sick.
There is a lethal amount of poison in your body!
You feel very sick.
There is a lethal amount of poison in your body!
You feel sick.
There is a lethal amount of poison in your body!
You feel sick.
There is a lethal amount of poison in your body!
You die...

#.####.....%7~%~7~.
#...0#.0¤.....~7~..
####0#¤¤....~...~.~
####¤#0.........~..
#0¤0¤0%....#.#...##
#¤0¤¤##.##.....###
#¤00¤##.##...###
#¤00¤##.##...#####
#¤@¤¤##..........#
#000¤##..........#
#000¤##..........#
#0¤¤0##..........#
#00¤0##..........#
#¤0¤0##..........#
#######<.........#
###.........#
#...........#


There were no monsters in sight!

Vanquished Creatures
  An adder (D:2)
  A dart slug (D:1)
  4 endoplasms
  5 giant cockroaches
  A goblin (D:1)
  4 hobgoblins
  7 jackals (D:2)
  A quokka (D:1)
  3 ball pythons (D:2)
  5 bats
  4 frilled lizards
  4 kobolds
  3 rats
43 creatures vanquished.

Notes
Turn   | Place    | Note
-------+----------+-------------------------------------------
     0 | D:1      | qw the Spriggan Hunter began the quest for the Orb.
     0 | D:1      | Reached XP level 1. HP: 10/10 MP: 2/2
     0 | D:1      | 0 ||| qw: Version: 0.3-a-155-g5e7d8dd
     0 | D:1      | 0 ||| qw: Game counter: 1562
     0 | D:1      | 0 ||| qw: Melee chars always use a shield: true
     0 | D:1      | 0 ||| qw: God list: Okawaru
     0 | D:1      | 0 ||| qw: Allow faded altars: false
     0 | D:1      | 0 ||| qw: Do Orc after clearing Dungeon:15 true
     0 | D:1      | 0 ||| qw: Do second Lair branch before Depths: true
     0 | D:1      | 0 ||| qw: Lair rune preference: random
     0 | D:1      | 0 ||| qw: Goals: Normal
     0 | D:1      | 0 ||| PLANNING D:1-11
    38 | D:1      | Reached skill level 3 in Dodging
   177 | D:1      | Reached XP level 2. HP: 14/14 MP: 3/3
   547 | D:1      | 547 ||| READING scroll labelled CIPTAPNIZI.
   548 | D:1      | 548 ||| READING scroll labelled YMUITS NAIBA.
   549 | D:1      | 549 ||| READING 2 scrolls labelled WYUFUA XAHIEDD.
   549 | D:1      | 549 ||| IDENTIFYING sapphire potion
   550 | D:1      | 550 ||| READING scroll of identify.
   550 | D:1      | 550 ||| IDENTIFYING inky potion
   551 | D:1      | 551 ||| DROPPING scroll of butterflies.
   702 | D:2      | Found a faded altar of an unknown god.
   727 | D:2      | Reached XP level 3. HP: 13/18 MP: 4/4
   802 | D:2      | Found Ofurgh's General Store.
   812 | D:2      | 812 ||| SHOPLISTING wand of flame (17) (142 gold, have 51).
  1088 | D:2      | Reached skill level 5 in Ranged Weapons
  1123 | D:2      | 1123 ||| UPGRADING to +4 ring of protection.
  1124 | D:2      | 1124 ||| READING scroll labelled TOV ANEETHEMM.
  1127 | D:2      | 1127 ||| READING scroll labelled VUONIEG DAE.
  1128 | D:2      | 1128 ||| READING scroll labelled YWUEPI YPOENG.
  1128 | D:2      | 1128 ||| ENCHANTING +0 shortbow.
  1130 | D:2      | 1130 ||| Stepping ~*~*~tactically~*~*~ (cloud).
  1133 | D:2      | HP: 3/18 [poisoned by you (poison gas)]
  1135 | D:2      | HP: 1/18 [poisoned by you (poison gas)]
  1136 | D:2      | Succumbed to their own poison gas

Levels and vault maps discovered:
D:1:      dpeg_arrival_tiny_d, layout_loops_ring, minmay_misc_feat_encased,
          chequers_mini_garden
D:2:      layout_basic, shapermc_ecumenical_altar_mp_ritualfount, serial_shops,
          shop, chequers_serial_rivers_marsh

Skill      XL: |  1  2  3 |
---------------+----------+-----
Dodging        | 3 4 |  4.0
Ranged Weapons | 5 |  5.0
Fighting       | |  1.5
Stealth        | |  1.5

Action                     || total
---------------------------++-------
   Fire: Shortbow          ||   111
    Use: Scroll            ||     7
 Armour: Robe              ||    10
  Dodge: Dodged            ||    50

Table legend:
 A = Non-vault XP
 B = Vault XP
 C = Vault XP percentage of total XP
 D = Non-vault monster count
 E = Vault monster count
 F = Vault count percentage of total count
                 A         B        C        D         E       F
            +---------+---------+-------+---------+---------+-------
      Total |      86 |       0 |   0.0 |      43 |       0 |   0.0
            +---------+---------+-------+---------+---------+-------
        D:1 |      27 |       0 |   0.0 |      15 |       0 |   0.0
        D:2 |      59 |       0 |   0.0 |      28 |       0 |   0.0
            +---------+---------+-------+---------+---------+-------
